 Dungeon Crawl Stone Soup version 0.23-a0-171-g5ae17c6 (webtiles) character file.

4421 royalsmiley the Cleaver (level 10, -8/94 HPs)
             Began as a Deep Dwarf Fighter on Sept 10, 2018.
             Was a Priest of Makhleb.
             Mangled by a vampire (9 damage)
             ... on level 12 of the Dungeon on Sept 13, 2018.
             The game lasted 00:22:07 (6240 turns).

royalsmiley the Cleaver (Deep Dwarf Fighter)        Turns: 6240, Time: 00:22:08

Health: -8/94      AC: 12    Str: 23    XL:     10   Next: 14%
Magic:  8/8        EV:  9    Int:  9    God:    Makhleb [***...]
Gold:   521        SH: 12    Dex: 12    Spells: 9/9 levels left

rFire    . . .     SeeInvis .   a - +1 war axe
rCold    + . .     Gourm    .   c - +1 shield
rNeg     . . .     Faith    .   b - +0 scale mail
rPois    .         Spirit   .   A - +2 helmet
rElec    .         Reflect  .   (no cloak)
rCorr    .         Harm     .   y - +0 pair of gloves
MR       +....                  (no boots)
Stlth    ..........             (no amulet)
HPRegen  0.00/turn              h - ring of protection from cold
MPRegen  0.11/turn              (no ring)

@: non-regenerating
A: damage resistance, heal wounds, sense surroundings 2, no regeneration
a: Heal Wounds, Minor Destruction, Lesser Servant of Makhleb, Renounce Religion


You were on level 12 of the Dungeon.
You worshipped Makhleb.
Makhleb was most pleased with you.
You were not hungry.

You visited 1 branch of the dungeon, and saw 10 of its levels.

You collected 741 gold pieces.
You spent 220 gold pieces at shops.

Inventory:

Hand Weapons
 a - a +1 war axe (weapon)
 l - a +2 morningstar of protection
 C - a +0 morningstar
Armour
 b - a +0 scale mail (worn)
 c - a +1 shield (worn)
 y - a +0 pair of gloves (worn)
 A - a +2 helmet (worn)
Jewellery
 h - a ring of protection from cold (left hand)
Wands
 p - a wand of polymorph (5)
 r - a wand of paralysis (10)
 z - a wand of flame (30)
Scrolls
 g - 3 scrolls of magic mapping
 u - 2 scrolls of teleportation
 w - a scroll of remove curse
 x - a scroll of enchant weapon
 B - a scroll of amnesia
Potions
 d - 3 potions of might
 e - 2 potions of flight
 i - 5 potions of brilliance {unknown}
 j - 3 potions of haste {unknown}
 k - 2 potions of heal wounds
 m - 2 potions of resistance {unknown}
 n - 2 potions of ambrosia {unknown}
 o - 6 potions of curing {unknown}
 q - 5 potions of degeneration {unknown}
 s - a potion of invisibility {unknown}
 t - 4 potions of lignification {unknown}
 v - 2 potions of agility {unknown}
Comestibles
 f - 14 rations


   Skills:
 * Level 7.2 Fighting
 + Level 10.2 Axes
 + Level 7.6 Armour
 - Level 1.0 Dodging
 + Level 1.7 Stealth
 + Level 7.7 Shields


You had 9 spell levels left.
You didn't know any spells.
Your spell library contained the following spells:

 Spells                   Type           Power        Failure   Level  Hunger
 Freeze                   Ice            #...         93%         1    ##.....
 Throw Frost              Conj/Ice       #.....       98%         2    ###....
 Ozocubu's Armour         Chrm/Ice       #.......     100%        3    ####...
 Summon Ice Beast         Ice/Summ       #.......     100%        4    #####..
 Throw Icicle             Conj/Ice       #.......     100%        4    #####..


Dungeon Overview and Level Annotations

Branches:
Dungeon (9/15)             Temple (0/1) D:4             Orc (0/2) D:9
   Lair: D:8-11

Altars:
Ashenzari
Dithmenos
Elyvilon
Gozag
Kikubaaqudgha
Makhleb
Nemelex Xobeh
Okawaru
Sif Muna
Xom
Yredelemnul
Zin

Shops:
D:6 %   D:9 [(


Innate Abilities, Weirdness & Mutations

You are resistant to damage.
You can heal yourself by infusing magical energy.
You passively map the area around you.
You do not regenerate.


Message History

The vampire mosquito draws strength from your injuries!
The deep elf mage casts a spell at you. The magic dart hits you!
The centaur warrior hits you! You block something's attack.
Something bites you.
Something draws strength from your injuries!
You block the vampire mosquito's attack.
You block the centaur warrior's attack.
The deep elf mage points at you and mumbles some strange words.
The lance of force hits you!
* * * LOW HITPOINT WARNING * * *
You are knocked back by the lance of force.
You slam into the rock wall!
* * * LOW HITPOINT WARNING * * *
The battlesphere fires!
The barrage of energy hits you!
* * * LOW HITPOINT WARNING * * *
The vampire mosquito bites you but does no damage.
Something hits you.
* * * LOW HITPOINT WARNING * * *
Something bites you!
You die...

##################*
......c@)(*....... ,
......{(y.........,,,
, * ..###.e###(.###..
* * , #.. #(...#,,, ,
* * , #.. #.(..# , *
, ,###, ###..### , *,
* *, * * #....# ,
#....# ,, ,, ,,, ,
###..##


You could see a centaur warrior, a deep elf mage, a vampire mosquito and a
battlesphere.

Vanquished Creatures
  A centaur warrior (D:12)
  A wraith (D:12)
  A hungry ghost (D:8)
  Edmund (D:5)
  3 sky beasts
  4 orc warriors
  A black bear (shapeshifter) (D:12)
  A phantom (D:5)
  A necrophage (D:5)
  3 ogres (D:4)
  5 centaurs
  A big kobold (D:6)
  5 bullfrogs
  A scorpion (D:8)
  4 killer bees (D:7)
  A howler monkey (D:7)
  A crimson imp (D:6)
  A bullfrog zombie (D:6)
  A bullfrog skeleton (D:7)
  A hound (D:8)
  A jelly (D:8)
  2 orc priests
  3 centaur skeletons
  5 iguanas
  Natasha (twice) (D:2)
  3 orc wizards
  5 worker ants
  A hound skeleton (D:8)
  A worker ant zombie (D:9)
  4 gnolls (D:7)
  A howler monkey skeleton (D:6)
  17 adders
  A shadow imp (D:7)
  3 adder skeletons
  3 dart slugs
  5 leopard geckos
  29 orcs
  9 bats
  6 giant cockroaches
  6 goblins
  10 hobgoblins
  3 quokkas
  9 frilled lizards
  13 kobolds
  9 rats
189 creatures vanquished.

Vanquished Creatures (collateral kills)
  An ice beast (D:8)
  A worker ant (D:8)
2 creatures vanquished.

Grand Total: 191 creatures vanquished

Notes
Turn   | Place    | Note
-------+----------+-------------------------------------------
     0 | D:1      | royalsmiley the Deep Dwarf Fighter began the quest for the
                  | Orb.
     0 | D:1      | Reached XP level 1. HP: 20/20 MP: 1/1
     0 | D:1      | Upgraded the game from 0.23-a0-164-g7711e57 to
                  | 0.23-a0-169-gb21e695
   105 | D:1      | Reached XP level 2. HP: 27/27 MP: 2/2
   715 | D:2      | Reached XP level 3. HP: 23/33 MP: 3/3
   787 | D:2      | Reached skill level 3 in Axes
   856 | D:2      | Found an ancient bone altar of Kikubaaqudgha.
   856 | D:2      | Found a deep blue altar of Sif Muna.
   993 | D:2      | Noticed Natasha
  1008 | D:2      | Killed Natasha
  1072 | D:2      | Reached XP level 4. HP: 27/42 MP: 4/4
  1130 | D:2      | Found a burning altar of Makhleb.
  1137 | D:2      | Became a worshipper of Makhleb the Destroyer
  1406 | D:2      | Noticed Natasha
  1432 | D:2      | Killed Natasha
  1432 | D:2      | Reached skill level 4 in Axes
  1432 | D:2      | Reached XP level 5. HP: 44/49 MP: 5/5
  1680 | D:3      | Found a shadowy altar of Dithmenos.
  2034 | D:4      | Found an iron altar of Okawaru.
  2056 | D:4      | Reached * piety under Makhleb
  2085 | D:4      | Found a staircase to the Ecumenical Temple.
  2085 | D:4      | Noticed an ogre
  2095 | D:4      | Killed an ogre
  2095 | D:4      | Reached skill level 1 in Dodging
  2095 | D:4      | Reached XP level 6. HP: 34/56 MP: 6/6
  2120 | D:4      | Reached skill level 5 in Axes
  2131 | D:4      | Found an opulent altar of Gozag.
  2160 | D:4      | Found a sparkling altar of Nemelex Xobeh.
  2242 | D:4      | Found a glowing silver altar of Zin.
  2390 | D:5      | Entered Level 5 of the Dungeon
  2410 | D:5      | Reached XP level 7. HP: 46/63 MP: 6/6
  2492 | D:5      | Reached skill level 5 in Armour
  2535 | D:5      | Reached skill level 5 in Shields
  2587 | D:5      | Reached skill level 6 in Axes
  2748 | D:5      | Reached XP level 8. HP: 61/72 MP: 7/7
  2801 | D:5      | Reached skill level 7 in Axes
  2880 | D:5      | Found a shimmering altar of Xom.
  2880 | D:5      | Noticed Edmund
  2897 | D:5      | Killed Edmund
  2949 | D:6      | Found Hautod's Food Boutique.
  2958 | D:6      | Reached ** piety under Makhleb
  2984 | D:6      | Bought a ration for 55 gold pieces
  2984 | D:6      | Bought a ration for 55 gold pieces
  2984 | D:6      | Bought a ration for 55 gold pieces
  2984 | D:6      | Bought a ration for 55 gold pieces
  3276 | D:6      | Reached skill level 5 in Fighting
  3478 | D:6      | Reached skill level 8 in Axes
  4163 | D:6      | Got an ancient dagger
  4164 | D:6      | Identified the cursed +1 dagger of Ancient Evil {drain, rC+
                  | Dex+3} (You found it on level 6 of the Dungeon)
  4483 | D:7      | Found a basalt altar of Yredelemnul.
  4490 | D:7      | Gained mutation: You passively map the area around you.
                  | [Deep Dwarf growth]
  4490 | D:7      | Reached XP level 9. HP: 67/81 MP: 7/7
  4538 | D:7      | Found a shattered altar of Ashenzari.
  4579 | D:7      | Reached *** piety under Makhleb
  5089 | D:7      | Found a shimmering altar of Xom.
  5163 | D:8      | Upgraded the game from 0.23-a0-169-gb21e695 to
                  | 0.23-a0-171-g5ae17c6
  5168 | D:8      | Reached skill level 1 in Stealth
  5719 | D:8      | Reached skill level 9 in Axes
  6067 | D:9      | Found Otto Osu's Armour Boutique.
  6067 | D:9      | Found a staircase to the Orcish Mines.
  6069 | D:9      | Found Xakkinla's Weapon Boutique.
  6163 | D:9      | Found a white marble altar of Elyvilon.
  6176 | D:9      | You fall through a shaft for 3 floors!
  6184 | D:12     | Noticed an orb spider
  6184 | D:12     | a black bear changed into an orb spider
  6186 | D:12     | an orb spider changed into something unseen
  6210 | D:12     | Noticed a centaur warrior
  6221 | D:12     | Killed a centaur warrior
  6221 | D:12     | Reached skill level 10 in Axes
  6221 | D:12     | Reached XP level 10. HP: 82/94 MP: 8/8
  6222 | D:12     | Noticed a deep elf mage
  6225 | D:12     | Noticed a centaur warrior
  6240 | D:12     | HP: 4/94 [rock wall collision (18)]
  6240 | D:12     | HP: 1/94 [something (2)]
  6240 | D:12     | Mangled by a vampire

Vault maps used:
D:1:      dpeg_arrival_tiny_i, minmay_lizard_pond
D:2:      lightli_temple_of_fire, gammafunk_temple_overflow_wave, uniq_natasha
D:3:      grunt_dithmenos_smoke_and_mirrors
D:4:      zin_treasury, lemuel_crystal_altar, nemelex_xobeh_ov_fountains_minmay,
          old_standard_altar, minmay_temple_entry_hall
D:5:      kennysheep_six_static_rooms, first_ration, basic_altar, uniq_edmund
D:6:      cheibrodos_thug_alley, serial_shops, nicolae_shop_crystal,
          kennysheep_donut
D:7:      lemuel_crystal_altar, cheibrodos_ashenzari_chains,
          nicolae_overflow_hidden_temple
D:8:      grunt_potential
D:9:      lemuel_doored_altar, orc_david_3, serial_shops, shop
D:12:     minmay_stepped, grunt_livestock

Skill      XL: |  1  2  3  4  5  6  7  8  9 |
---------------+----------------------------+-----
Fighting       | 3 4 5 7 |  7.2
Axes           | 3 4 5 6 8 10 | 10.2
Shields        | 4 5 6 7 |  7.7
Armour         | 4 5 6 7 |  7.6
Dodging        | 1 |  1.0
Stealth        | 1 |  1.7

Action                   |  1- 3 |  4- 6 |  7- 9 | 10-12 || total
-------------------------+-------+-------+-------+-------++-------
Melee: War axe           |   101 |   149 |   459 |    11 ||   720
Invok: Lesser Servant of |       |       |     2 |     1 ||     3
 Abil: Heal Wounds       |     1 |     5 |    14 |     4 ||    24
  Use: Scroll            |     6 |     3 |     7 |       ||    16
  Eat: Chunk             |       |     5 |    12 |       ||    17
       Ration            |       |       |     2 |       ||     2
Armor: Scale mail        |    43 |    57 |   170 |    11 ||   281
Dodge: Dodged            |    42 |    47 |   140 |    11 ||   240
Block: Shield            |    79 |   102 |   313 |    19 ||   513

Table legend:
 A = Non-vault XP
 B = Vault XP
 C = Vault XP percentage of total XP
 D = Non-vault monster count
 E = Vault monster count
 F = Vault count percentage of total count
                 A         B        C        D         E       F
            +---------+---------+-------+---------+---------+-------
      Total |    3902 |    2415 |  38.2 |     156 |      35 |  18.3
            +---------+---------+-------+---------+---------+-------
        D:1 |      35 |       5 |  12.5 |      21 |       5 |  19.2
        D:2 |     151 |      35 |  18.8 |      27 |       1 |   3.6
        D:3 |      47 |       0 |   0.0 |      14 |       0 |   0.0
        D:4 |     424 |       0 |   0.0 |      11 |       0 |   0.0
        D:5 |     813 |     309 |  27.5 |      17 |       5 |  22.7
        D:6 |     660 |     112 |  14.5 |      22 |       8 |  26.7
        D:7 |     634 |       0 |   0.0 |      18 |       0 |   0.0
        D:8 |     703 |     725 |  50.8 |      21 |      11 |  34.4
        D:9 |     233 |     143 |  38.0 |       4 |       3 |  42.9
       D:12 |     202 |    1086 |  84.3 |       1 |       2 |  66.7
            +---------+---------+-------+---------+---------+-------
